Map: Dusk Towers

Players

farSight - Winner!

  • Race: Terran Terran
  • League: Master

A.I. 1 (Medium)

  • Race: Zerg Zerg

VOD

Have the link to the VOD?

Description

Time

  • Played on: Feb. 21, 2016, 7:23 a.m.
  • Length: 11:11
Show
View Real Time Build Order
Export as new Build Order

farSight Terran - Winner!

Build Orders: Reaper Expand, Bio Tank 

Get SALT Encoding   

  12  0:01  SCV  
  13  0:13  SCV  
  14  0:18  Supply Depot  
  14  0:25  SCV  
  15  0:39  SCV  
  15  0:40  Barracks  
  16  0:44  Refinery  
  16  0:51  SCV  
  17  1:03  SCV  
  18  1:16  SCV  
  19  1:27  Reaper  
  19  1:28  Orbital Command  
  20  1:40  Command Center  
  20  1:47  Supply Depot  
  20  1:53  SCV  
  21  1:58  Marine  
  22  2:05  SCV  
  23  2:11  Factory  
  23  2:17  SCV  
  23  2:21  Barracks Reactor  
  25  2:30  SCV  
  25  2:42  SCV  
  25  2:43  Command Center  
  26  2:53  Orbital Command  
  26  2:56  SCV  
  27  3:00  Starport  
  27  3:08  Hellion  
  27  3:09  Hellion  
  31  3:15  SCV  
  31  3:17  Refinery  
  31  3:18  Barracks Tech Lab  
  31  3:20  SCV  
  32  3:27  SCV  
  32  3:32  Hellion x2  
  37  3:34  SCV  
  37  3:40  SCV  
  39  3:44  Banshee  
  39  3:46  SCV  
  43  3:52  Barracks Tech Lab  
  43  3:56  SCV  
  43  3:57  Orbital Command  
  43  3:59  Barracks  
  44  4:04  SCV  
  46  4:10  SCV  
  46  4:11  Stimpack, Barracks  
  46  4:16  SCV  
  47  4:17  Marine  
  47  4:18  Factory Reactor  
  47  4:22  SCV  
  47  4:23  Supply Depot  
  49  4:24  SCV  
  49  4:28  SCV  
  49  4:30  Viking  
  53  4:34  SCV  
  53  4:37  SCV  
  55  4:39  Supply Depot, Marine  
  55  4:42  SCV  
  57  4:45  Engineering Bay  
  57  4:47  Marine x2  
  57  4:48  Engineering Bay  
  57  4:51  SCV  
  60  4:54  SCV  
  60  4:57  Marine, Refinery  
  60  4:58  Refinery  
  62  5:01  SCV  
  62  5:02  Supply Depot  
  62  5:05  Marine x2  
  62  5:06  Marine  
  66  5:07  Marine, SCV  
  66  5:10  SCV  
  69  5:15  Supply Depot, Starport Reactor  
  69  5:16  Orbital Command, Siege Tank  
  72  5:24  Marine x3  
  72  5:27  Marine x2  
  77  5:30  SCV  
  77  5:32  Terran Infantry Weapons Level 1, Terran Infantry Armor Level 1  
  77  5:34  Supply Depot x2  
  78  5:38  Supply Depot  
  78  5:42  Marine, SCV  
  80  5:43  SCV x2  
  80  5:49  Marine  
  83  5:51  Medivac x2  
  83  5:55  SCV x2  
  89  5:57  SCV, Refinery  
  89  5:58  Marine  
  89  5:59  Marine x2, Refinery  
  89  6:03  Supply Depot  
  93  6:06  Marine  
  93  6:07  SCV x2  
  93  6:09  Siege Tank  
  99  6:12  SCV  
  99  6:13  Combat Shields  
  100  6:19  Marine x2, SCV x2  
  100  6:20  Marine x2  
  106  6:25  SCV  
  106  6:26  Supply Depot, Marine  
  108  6:34  SCV  
  108  6:36  SCV  
  108  6:37  Medivac x2, Marine, Armory  
  108  6:38  SCV  
  116  6:42  Supply Depot  
  116  6:44  Marauder  
  116  6:46  SCV  
  119  6:47  Marine x2  
  119  6:49  SCV  
  119  6:50  Supply Depot  
  119  6:52  Siege Tank, Marine  
  126  6:54  SCV  
  126  6:56  Marine  
  126  6:58  SCV  
  127  7:05  Marine x2  
  127  7:06  Marine, SCV  
  124  7:10  Marine  
  124  7:11  SCV  
  124  7:12  Barracks, Medivac x2  
  124  7:13  Barracks  
  130  7:21  Marine  
  130  7:22  Factory  
  131  7:23  Marine, Factory  
  131  7:24  Marine x2  
  134  7:30  Marine  
  134  7:31  Siege Tank  
  134  7:32  Terran Infantry Weapons Level 2  
  134  7:35  Supply Depot  
  134  7:36  Terran Infantry Armor Level 2  
  138  7:38  Marine  
  138  7:40  SCV  
  138  7:41  Marine  
  138  7:42  Marine  
  138  7:43  SCV  
  143  7:44  Terran Vehicle Weapons Level 1  
  143  7:48  Medivac  
  136  7:56  Marine x2  
  136  7:58  SCV  
  131  8:04  Marine x3  
  131  8:05  Barracks Reactor x2  
  134  8:09  Factory Tech Lab x2  
  134  8:12  Command Center, Barracks x2  
  134  8:13  Concussive Shells  
  134  8:14  Marine x2  
  136  8:21  Siege Tank  
  136  8:25  Marine x3  
  142  8:28  Siege Tank x2  
  142  8:29  Medivac  
  142  8:32  Marine  
  151  8:35  Marauder  
  151  8:37  Ghost Academy  
  153  8:45  Barracks  
  153  8:47  Barracks  
  153  8:49  Marine x4  
  153  8:54  Supply Depot x2, Marine x4  
  153  8:55  Supply Depot x2  
  161  8:56  Marine, Siege Tank  
  161  9:00  Marine  
  161  9:01  Medivac  
  161  9:02  Medivac  
  171  9:07  Marine  
  171  9:09  Marine  
  173  9:15  Marine x3  
  173  9:16  Personal Cloaking  
  176  9:17  Supply Depot  
  176  9:19  Barracks Tech Lab x2, Supply Depot  
  175  9:24  Marine x5  
  175  9:25  Siege Tank  
  175  9:30  Marine  
  175  9:31  Siege Tank  
  187  9:33  Marine  
  188  9:44  Command Center  
  185  9:45  Barracks Tech Lab x2  
  185  9:51  Marine x2  
  185  9:52  Marine x2  
  189  10:08  Barracks  
  189  10:09  Barracks, Planetary Fortress  
  189  10:10  Refinery  
  189  10:17  Refinery  
  189  10:20  Marine x2  
  189  10:21  Marine x2  
  193  10:22  Siege Tank  
  196  10:30  Marine x4  
  200  10:57  Barracks Tech Lab x2  
  200  11:04  Barracks x2  
  200  11:05  Barracks  
  200  11:06  Barracks  
  200  11:07  Barracks  
Show
View Real Time Build Order
Export as new Build Order

A.I. 1 (Medium) Zerg 

Build Orders: Pool First 

Get SALT Encoding   

  12  0:01  Drone  
  13  0:12  Overlord  
  13  0:17  Drone  
  14  0:30  Drone  
  14  0:33  Drone  
  16  0:43  Spawning Pool  
  16  0:45  Drone  
  16  0:49  Drone  
  17  0:52  Extractor  
  17  0:55  Drone  
  17  1:06  Overlord  
  17  1:29  Queen  
  17  1:31  Zergling x2  
  20  1:36  Roach Warren  
  20  1:38  Drone  
  20  1:43  Extractor  
  19  1:49  Drone, Zergling x2  
  21  1:59  Drone  
  22  2:10  Lair  
  22  2:17  Roach  
  24  2:28  Overlord  
  24  2:36  Roach  
  26  2:50  Overlord  
  26  2:55  Roach  
  28  3:13  Roach  
  28  3:19  Drone  
  31  3:24  Drone  
  32  3:32  Roach  
  32  3:33  Hydralisk Den  
  33  3:38  Drone  
  34  3:45  Overlord  
  34  3:49  Drone  
  34  3:53  Drone  
  36  3:57  Drone  
  36  4:02  Drone  
  38  4:04  Hydralisk  
  40  4:12  Baneling Nest  
  40  4:13  Drone  
  40  4:21  Evolution Chamber  
  40  4:22  Drone  
  40  4:23  Hydralisk  
  42  4:41  Hydralisk  
  44  6:19  Zergling x2  
  44  7:02  Zergling x2  
  44  7:07  Overlord, Overseer x2, Queen  
  45  7:09  Spore Crawler  
  45  7:10  Spore Crawler  
  45  7:13  Infestation Pit  
  45  7:14  Drone, Hatchery  
  45  7:15  Zergling x2, Spire  
  42  7:16  Drone  
  42  7:18  Evolution Chamber  
  42  7:19  Drone  
  42  7:22  Drone  
  44  7:27  Hydralisk  
  46  7:35  Spine Crawler  
  46  7:36  Drone  
  45  7:38  Spine Crawler  
  45  7:39  Drone  
  45  7:42  Drone  
  44  7:44  Zergling x2  
  44  7:45  Drone  
  44  7:48  Drone  
  45  7:57  Hydralisk  
  37  8:00  Drone  
  35  8:11  Roach  
  37  8:23  Roach  
  37  8:26  Drone, Queen  
  42  8:29  Drone, Spore Crawler  
  42  8:32  Drone  
  43  8:35  Drone, Spore Crawler  
  43  8:36  Spore Crawler  
  43  8:38  Drone  
  43  8:40  Roach, Ravager  
  43  8:41  Drone  
  47  8:44  Drone  
  47  8:46  Drone  
  47  8:48  Overseer  
  45  8:49  Drone  
  45  8:52  Drone, Hydralisk  
  45  8:55  Drone  
  50  8:56  Overlord  
  50  8:58  Drone, Overseer  
  51  9:06  Ravager  
  51  9:10  Hydralisk  
  51  9:11  Drone  
  51  9:14  Drone  
  43  9:19  Overlord  
  43  9:20  Drone  
  43  9:23  Drone  
  43  9:24  Roach  
  47  9:30  Drone  
  46  9:35  Drone  
  46  9:37  Zergling x2  
  48  9:40  Drone  
  49  9:46  Drone  
  49  9:48  Overlord  
  49  9:49  Hydralisk  
  49  9:51  Overseer  
  52  9:53  Overseer  
  52  9:58  Spine Crawler  
  51  10:02  Spine Crawler  
  51  10:03  Ravager  
  51  10:06  Drone, Overlord  
  54  10:07  Roach  
  54  10:18  Overseer  
  46  10:24  Overlord  
  46  10:30  Overlord  
  46  10:32  Overlord  
  32  10:53  Overlord  
Tags
 
Add a new tag
Caveats
  • Supply blocks, unpowered buildings, or Contaminate may cause inaccurate times.
  • Supply counts are checked every 10 seconds.